 Dungeon Crawl Stone Soup version 0.30-a0-1160-g6e42c06551 (webtiles) character file.

Game seed: 17944337339412106024

193 Mgcat the Sneak (level 5, -1/24 HPs)
             Began as a Spriggan Conjurer on Apr 26, 2023.
             Killed by nerve-wracking pain
             ... invoked by an orc priest
              (14 damage)
             ... on level 3 of the Dungeon.
             The game lasted 00:05:54 (3761 turns).

Mgcat the Sneak (Spriggan Conjurer)                 Turns: 3761, Time: 00:05:54

Health: -1/24      AC:  3    Str:  9    XL:     5   Next: 44%
Magic:  3/12       EV: 18    Int: 22    God:
Gold:   124        SH:  0    Dex: 13    Spells: 11/12 levels left

rFire   . . .        e - +0 club
rCold   . . .        (no shield)
rNeg    . . .        a - +0 robe
rPois   .            (helmet restricted)
rElec   .            o - +0 cloak
rCorr   .            (gloves unavailable)
SInv    +            (boots unavailable)
Will    .....        (no amulet)
Stlth   +++          r - +6 ring of strength
HPRegen 0.24/turn    (no ring)
MPRegen 0.13/turn

%: no passive effects
@: very quick
A: very small, no large weapons, unfitting armour, see invisible, speed 3
a: no special abilities


You were on level 3 of the Dungeon.
You visited 1 branch of the dungeon, and saw 3 of its levels.

You collected 124 gold pieces.

Inventory:

Hand Weapons
 e - a +0 club (weapon)
   (You took it off a goblin on level 1 of the Dungeon)
Armour
 a - a +0 robe (worn)
 o - a +0 cloak (worn)
   (You found it on level 2 of the Dungeon)
Jewellery
 r - a +6 ring of strength (left hand)
   (You found it on level 3 of the Dungeon)
Wands
 l - a wand of flame (4)
   (You found it on level 2 of the Dungeon)
 m - a wand of charming (7)
   (You found it on level 2 of the Dungeon)
Scrolls
 c - 2 scrolls of poison {unknown}
 d - 7 scrolls of identify {unknown}
 f - a scroll of blinking {unknown}
 h - a scroll of magic mapping {unknown}
 i - a scroll of silence {unknown}
 p - a scroll of enchant armour {unknown}
 u - a scroll of teleportation {unknown}
Potions
 b - a potion of magic
 g - a potion of berserk rage {unknown}
 j - a potion of resistance {unknown}
 k - 4 potions of curing {unknown}
 n - a potion of might {unknown}
 q - a potion of haste {unknown}
 s - a potion of attraction {unknown}
 t - a potion of heal wounds {unknown}


   Skills:
 + Level 4.4 Dodging
 + Level 5.1 Stealth
 + Level 4.2 Spellcasting
 + Level 3.6 Conjurations


You had 11 spell levels left.
You knew the following spells:

 Your Spells              Type           Power      Damage    Failure   Level
a - Magic Dart            Conj           80%        1d7       2%          1

Your spell library contained the following spells:

 Spells                   Type           Power      Damage    Failure   Level
 Searing Ray              Conj           40%        2d5       3%          2
 Foxfire                  Conj/Fire      48%        2x1d6     5%          1
 Dazzling Flash           Conj/Hex       24%        N/A       16%         3
 Fulminant Prism          Conj/Hex       6%         3d6       45%         4
 Iskenderun's Mystic Bla  Conj/Tloc      12%        2d5       45%         4
 Fireball                 Conj/Fire      6%         3d5       82%         5
 Plasma Beam              Fire/Air       2%         2x1d13    100%        6
 Starburst                Conj/Fire      6%         6d4       100%        6


Dungeon Overview and Level Annotations

Branches:
Dungeon (3/15)

Altars:
The Shining One


Innate Abilities, Weirdness & Mutations

You are very small and have problems with some larger weapons.
You are too small for most types of armour.
You have supernaturally acute eyesight. (SInv)
You cover ground extremely quickly. (Speed+++)


Message History

An orc is nearby!
An orc is nearby!
An orc is nearby!
Casting: Magic Dart (safe; 2% risk of failure)
Confirm with . or Enter, or press ? or * to list all spells.
Aiming: Magic Dart (safe; 2% risk of failure)
Press: ? - help, Shift-Dir - straight line, f - orc
Aim: an orc, wielding a +0 morningstar and wearing a +0 scale mail (wandering, hasn't noticed you, 100% to hit)
The magic dart hits the orc.
The orc is lightly wounded.
The orc shouts!
An orc priest comes into view. It is wielding a +0 short sword.
You now have 11/12 mp.
Spoiler Alert: The orc priest (wandering) can smite you!
Casting: Magic Dart (safe; 2% risk of failure)
Confirm with . or Enter, or press ? or * to list all spells.
Aiming: Magic Dart (safe; 2% risk of failure)
Press: ? - help, Shift-Dir - straight line, f/p - orc
Aim: an orc, wielding a +0 morningstar and wearing a +0 scale mail (lightly wounded, 100% to hit)
You miscast Magic Dart.
You are very lightly contaminated with residual magic.
Nothing appears to happen.
You now have 10/12 mp.
Casting: Magic Dart (safe; 2% risk of failure)
Confirm with . or Enter, or press ? or * to list all spells.
Aiming: Magic Dart (safe; 2% risk of failure)
Press: ? - help, Shift-Dir - straight line, f/p - orc
Aim: an orc, wielding a +0 morningstar and wearing a +0 scale mail (lightly wounded, 100% to hit)
The magic dart hits the orc but does no damage.
The orc is lightly wounded.
You now have 9/12 mp.
Spoiler Alert: The orc priest can smite you!
Casting: Magic Dart (safe; 2% risk of failure)
Confirm with . or Enter, or press ? or * to list all spells.
Aiming: Magic Dart (safe; 2% risk of failure)
Press: ? - help, Shift-Dir - straight line, f/p - orc
Aim: an orc, wielding a +0 morningstar and wearing a +0 scale mail (100% to hit)
The magic dart hits the orc but does no damage.
The orc priest calls down the wrath of Beogh upon you.
Beogh smites you!
Ouch! That really hurt!
You take 12 damage, and have 12/24 hp.
MASSIVE DAMAGE!!
You now have 8/12 mp.
Spoiler Alert: The orc priest can smite you!
Casting: Magic Dart (safe; 2% risk of failure)
Confirm with . or Enter, or press ? or * to list all spells.
Aiming: Magic Dart (safe; 2% risk of failure)
Press: ? - help, Shift-Dir - straight line, f/p - orc
Aim: an orc, wielding a +0 morningstar and wearing a +0 scale mail (100% to hit)
The magic dart hits the orc but does no damage.
You now have 7/12 mp.
Spoiler Alert: The orc priest can smite you!
Casting: Magic Dart (safe; 2% risk of failure)
Confirm with . or Enter, or press ? or * to list all spells.
Aiming: Magic Dart (safe; 2% risk of failure)
Press: ? - help, Shift-Dir - straight line, f/p - orc
Aim: an orc, wielding a +0 morningstar and wearing a +0 scale mail (100% to hit)
The magic dart hits the orc.
The orc is moderately wounded.
You now have 6/12 mp.
Spoiler Alert: The orc priest can smite you!
Casting: Magic Dart (safe; 2% risk of failure)
Confirm with . or Enter, or press ? or * to list all spells.
Aiming: Magic Dart (safe; 2% risk of failure)
Press: ? - help, Shift-Dir - straight line, f/p - orc
Aim: an orc, wielding a +0 morningstar and wearing a +0 scale mail (moderately wounded, 100% to hit)
The magic dart hits the orc.
The orc is heavily wounded.
The orc misses you.
Spoiler Alert: The orc priest can smite you!
Casting: Magic Dart (safe; 2% risk of failure)
Confirm with . or Enter, or press ? or * to list all spells.
Aiming: Magic Dart (safe; 2% risk of failure)
Press: ? - help, Shift-Dir - straight line, f/p - orc
Aim: an orc, wielding a +0 morningstar and wearing a +0 scale mail (heavily wounded, 100% to hit)
The magic dart hits the orc.
You kill the orc!
Your magical contamination has completely faded away.
You now have 5/12 mp.
Spoiler Alert: The orc priest can smite you!
Casting: Magic Dart (safe; 2% risk of failure)
Confirm with . or Enter, or press ? or * to list all spells.
Aiming: Magic Dart (safe; 2% risk of failure)
Press: ? - help, Shift-Dir - straight line, f - orc priest
Aim: an orc priest, wielding a +0 short sword and wearing a +0 robe (100% to hit)
The magic dart hits the orc priest.
The orc priest is moderately wounded.
The orc priest hits you but does no damage.
You now have 4/12 mp.
Spoiler Alert: The orc priest can smite you!
Casting: Magic Dart (safe; 2% risk of failure)
Confirm with . or Enter, or press ? or * to list all spells.
Aiming: Magic Dart (safe; 2% risk of failure)
Press: ? - help, Shift-Dir - straight line, f/p - orc priest
Aim: an orc priest, wielding a +0 short sword and wearing a +0 robe (moderately wounded, 100% to hit)
The magic dart hits the orc priest.
The orc priest is heavily wounded.
The orc priest calls down the wrath of Beogh upon you.
Pain shoots through your body!
Ouch! That really hurt!
You die...

.[# #...#............# ####
..########...#...#........# ....
..##...............###...... ....
...................# #...........
.###...............###......####.
.# #######...#...#.....###..##...
.# #.......####.# #...#... ##
#...###o####.####..##...
#...###@##......#...+.._
##....##.##.#.##....##...
#......#.##.#.##.#..#....
#########........##.#.......####+
#......##.###..####..###....#.##.
#.####.##........).).....#.......
#.####.........#.###.###.#.......
#.#....##......#.# #.# #......###
#.#.##.###....##.# #.# ########


You could see an orc priest.

Vanquished Creatures
  An orc priest (D:2)
  An orc wizard (D:3)
  Robin (D:2)
  3 adders (D:2)
  A white imp (D:3)
  2 dart slugs
  9 orcs
  6 ball pythons (D:1)
  6 endoplasms
  A giant cockroach (D:1)
  10 goblins
  9 hobgoblins
  2 kobolds
  4 quokkas
  4 bats
  5 frilled lizards
  4 goblin skeletons (D:3)
  2 kobold skeletons (D:3)
  2 kobold zombies (D:3)
  2 orc skeletons (D:3)
  An orc zombie (D:3)
  7 rats
83 creatures vanquished.

Notes
Turn   | Place    | Note
-------+----------+-------------------------------------------
     0 | D:1      | Mgcat the Spriggan Conjurer began the quest for the Orb.
     0 | D:1      | Reached XP level 1. HP: 9/9 MP: 5/5
    21 | D:1      | Reached skill level 3 in Conjurations
   213 | D:1      | Reached skill level 3 in Dodging
   213 | D:1      | Reached XP level 2. HP: 13/13 MP: 1/6
   263 | D:1      | Reached skill level 3 in Spellcasting
   824 | D:1      | Reached XP level 3. HP: 16/16 MP: 2/8
   867 | D:1      | Found a faded altar of an unknown god.
  1131 | D:2      | Reached skill level 4 in Stealth
  1447 | D:2      | Noticed Robin
  1497 | D:2      | Killed Robin
  1498 | D:2      | Reached XP level 4. HP: 21/21 MP: 0/10
  2248 | D:2      | Reached skill level 4 in Dodging
  2523 | D:2      | Reached skill level 4 in Spellcasting
  2844 | D:3      | Reached XP level 5. HP: 24/24 MP: 9/12
  3324 | D:3      | Found a glowing golden altar of the Shining One.
  3571 | D:3      | Reached skill level 5 in Stealth
  3761 | D:3      | Killed from afar by an orc priest

Illustrated notes

Levels and vault maps discovered:
D:1:      evilmike_arrival_crescent, layout_rooms,
          chequers_ecumenical_altar_island
D:2:      layout_loops_ring, serial_co_window_serial, co_window_paths_b,
          co_window_of_opportunity_a, co_window_cross_1, co_window_corner_a,
          co_window_paths_a, co_window_corner_a, co_window_corner_a,
          co_window_paths_a, co_window_cross_1, co_window_corner_ca,
          co_window_2corner, co_window_of_opportunity_b, co_window_corner_b,
          minmay_misc_feat_roman, minmay_heptomino_d4, uniq_robin
D:3:      layout_loops_cross, nicolae_tso_besieged_by_evil

Skill      XL: |  1  2  3  4  5 |
---------------+----------------+-----
Conjurations   | 3 |  3.6
Dodging        | 3 4 |  4.4
Spellcasting   | 3 4 |  4.2
Stealth        | 4 5 |  5.1

Action                     |  1- 3 |  4- 6 || total
---------------------------+-------+-------++-------
  Melee: Club              |     1 |       ||     1
   Cast: Magic Dart        |    97 |   126 ||   223
 Armour: Robe              |     1 |     2 ||     3
  Dodge: Dodged            |     5 |     9 ||    14

Table legend: (Time is in decaauts)
 A = Elapsed time spent in this place.
 B = Non-inter-level travel time spent in this place.
 C = Inter-level travel time spent in this place.
 D = Time resting spent in this place.
 E = Time spent auto-exploring this place.
 F = Levels seen in this place.
 G = Mean time per level.
                   A        B        C        D        E       F      G
               +--------+--------+--------+--------+--------+-----+--------+
         Total |   2951 |   2907 |     44 |    673 |   1755 |   3 |  983.7 |
       Dungeon |   2951 |   2907 |     44 |    673 |   1755 |   3 |  983.7 |
               +--------+--------+--------+--------+--------+-----+--------+

Top non-repeatable levels by time:
     D:2: 1357 daAuts
     D:1: 838 daAuts
     D:3: 755 daAuts

Levels and vault maps discovered:
D:1:      evilmike_arrival_crescent, layout_rooms,
          chequers_ecumenical_altar_island
D:2:      layout_loops_ring, serial_co_window_serial, co_window_paths_b,
          co_window_of_opportunity_a, co_window_cross_1, co_window_corner_a,
          co_window_paths_a, co_window_corner_a, co_window_corner_a,
          co_window_paths_a, co_window_cross_1, co_window_corner_ca,
          co_window_2corner, co_window_of_opportunity_b, co_window_corner_b,
          minmay_misc_feat_roman, minmay_heptomino_d4, uniq_robin
D:3:      layout_loops_cross, nicolae_tso_besieged_by_evil

Table legend: (Time is in decaauts)
 A = Elapsed time spent in this place.
 B = Non-inter-level travel time spent in this place.
 C = Inter-level travel time spent in this place.
 D = Time resting spent in this place.
 E = Time spent auto-exploring this place.
 F = Levels seen in this place.
 G = Mean time per level.
                   A        B        C        D        E       F      G
               +--------+--------+--------+--------+--------+-----+--------+
         Total |   2951 |   2907 |     44 |    673 |   1755 |   3 |  983.7 |
       Dungeon |   2951 |   2907 |     44 |    673 |   1755 |   3 |  983.7 |
               +--------+--------+--------+--------+--------+-----+--------+

Top non-repeatable levels by time:
     D:2: 1357 daAuts
     D:1: 838 daAuts
     D:3: 755 daAuts

Table legend:
 A = Kills in this place as a percentage of kills in the entire game.
 B = Kills by you in this place as a percentage of kills by you in the entire game.
 C = Kills by friends in this place as a percentage of kills by friends in the entire game.
 D = Other kills in this place as a percentage of other kills in the entire game.
 E = Experience gained in this place as a percentage of experience gained in the entire game.
 F = Experience gained in this place divided by the number of levels of this place that you have seen.
                   A       B       C       D       E      F
               +-------+-------+-------+-------+-------+----------------------
         Total | 100.0 | 100.0 |   N/A |   N/A | 100.0 |  92.3
       Dungeon | 100.0 | 100.0 |   N/A |   N/A | 100.0 |  92.3
               +-------+-------+-------+-------+-------+----------------------
